Map: Frostline LE

Players

Sobermen - Winner!

  • Race: Terran Terran
  • League: Gold
  • Spawn Location: 1:00

StonedJeezus

  • Race: Zerg Zerg
  • League: Master
  • Spawn Location: 7:00

VOD

Have the link to the VOD?

Description

Time

  • Played on: Jan. 29, 2025, 11:50 a.m.
  • Length: 49:20
Show
View Real Time Build Order
Export as new Build Order

Sobermen Terran - Winner!

Build Orders:  

Get SALT Encoding   

  12  0:10  Supply Depot  
  12  0:13  SCV  
  13  0:27  Refinery  
  13  0:35  Barracks  
  13  0:50  Barracks  
  13  0:54  SCV  
  14  1:06  SCV  
  15  1:18  SCV  
  16  1:22  Refinery  
  16  1:25  Marine  
  17  1:33  SCV  
  17  1:37  Marine  
  19  1:43  Marine  
  20  1:51  Factory  
  20  1:53  SCV  
  21  1:57  Marine  
  22  2:03  Marine  
  23  2:19  Supply Depot  
  23  2:34  Supply Depot  
  23  2:37  Barracks Reactor  
  23  2:41  Marine  
  23  2:43  Starport  
  24  2:50  SCV, Factory Tech Lab  
  25  3:05  SCV  
  23  3:36  Medivac, Marine  
  23  3:37  Marine  
  23  3:38  Marine  
  23  3:41  SCV  
  27  3:44  Siege Tank  
  30  3:53  SCV  
  30  3:54  Marine x2  
  33  3:56  Marine  
  34  4:09  Supply Depot  
  34  4:10  Starport Tech Lab  
  34  4:12  Marine x2  
  34  4:13  Marine  
  37  4:21  Widow Mine  
  39  4:30  Marine x2  
  41  4:31  Marine  
  41  4:37  Supply Depot  
  42  4:38  SCV  
  42  4:41  Cloaking Field  
  42  4:56  Marine  
  42  4:57  Marine x2  
  45  5:10  Liberator  
  48  5:14  Marine x2  
  48  5:15  Marine  
  51  5:32  Orbital Command, Marine x2  
  51  5:33  Marine  
  54  5:50  Marine  
  55  6:09  Marine  
  55  6:17  Marine  
  55  6:18  Marine  
  50  6:26  Banshee  
  50  6:28  SCV  
  54  6:34  Starport  
  54  6:35  Marine  
  54  6:37  Starport  
  55  6:42  Command Center  
  55  7:01  Marine  
  55  7:10  Engineering Bay  
  55  7:13  SCV, Starport Tech Lab  
  55  7:15  Starport Tech Lab  
  56  7:25  SCV  
  57  7:33  Marine x2  
  59  7:40  Banshee  
  59  7:41  Banshee  
  65  7:59  Sensor Tower  
  65  8:05  Viking  
  67  8:14  Bunker  
  67  8:27  Missile Turret  
  67  8:40  Sensor Tower, Barracks  
  67  8:42  SCV  
  67  8:47  Marine x3  
  71  8:55  SCV  
  71  9:20  Siege Tank  
  74  9:32  Banshee  
  77  9:41  Barracks Reactor  
  76  9:46  Hyperflight Rotors, SCV  
  76  9:48  Marine  
  76  9:49  Marine x2  
  80  9:53  Bunker  
  80  9:55  Terran Infantry Weapons Level 1  
  80  9:58  SCV  
  81  10:02  Banshee  
  81  10:06  Marine  
  81  10:07  Marine  
  86  10:22  Barracks Reactor  
  86  10:31  Missile Turret  
  86  10:41  Marine x2  
  80  10:58  Bunker, Marine x2  
  80  10:59  Marine  
  80  11:00  Marine x3  
  86  11:17  Banshee, Marine x3  
  86  11:18  Marine x2  
  94  11:20  Supply Depot  
  94  11:25  Armory  
  94  11:35  Refinery  
  94  11:41  Marine x6  
  100  11:48  Supply Depot  
  100  11:49  Terran Infantry Armor Level 1  
  100  11:50  Siege Tank  
  103  11:59  Viking, Marine x4  
  109  12:01  Marine  
  110  12:09  Viking  
  110  12:13  Supply Depot  
  110  12:14  Terran Vehicle And Ship Armor Level 1  
  112  12:18  SCV  
  113  12:32  SCV  
  114  12:54  SCV  
  115  13:03  Banshee x2  
  115  13:05  Refinery, Marine x5  
  126  13:26  Barracks  
  126  13:43  Hi-Sec Auto Tracking  
  126  13:51  Marine  
  126  13:52  Marine x5  
  126  13:54  Banshee x2  
  138  14:08  Terran Vehicle Weapons Level 1  
  138  14:13  Barracks Tech Lab  
  138  14:24  Missile Turret  
  138  14:40  Terran Infantry Armor Level 2  
  135  15:25  Missile Turret  
  135  15:37  Missile Turret  
  135  15:42  Marine x7  
  142  15:43  Combat Shield  
  142  15:46  Missile Turret  
  142  15:54  Missile Turret  
  142  15:59  Missile Turret  
  142  16:01  Missile Turret  
  142  16:02  Terran Ship Weapons Level 1  
  142  16:12  Supply Depot  
  142  16:14  Supply Depot  
  142  16:17  Factory  
  142  16:33  Viking, Marine x6  
  142  16:35  Marine  
  142  16:38  Medivac  
  142  16:39  Medivac  
  155  16:51  Marine x3  
  158  16:57  Supply Depot  
  158  16:58  Terran Infantry Weapons Level 2, Marine x4  
  162  17:02  Stimpack  
  162  17:08  Factory Tech Lab  
  162  17:09  Marine x3  
  162  17:14  Missile Turret  
  165  17:16  Marine  
  165  17:18  Missile Turret, Marine x3  
  165  17:21  Missile Turret x2  
  169  17:27  Missile Turret x2  
  169  17:34  Supply Depot, Marine  
  168  17:54  Fusion Core, Armory  
  168  18:02  Supply Depot  
  168  18:43  Weapon Refit  
  168  18:44  Terran Vehicle And Ship Armor Level 2  
  168  18:46  Terran Ship Weapons Level 2  
  168  19:17  Terran Infantry Armor Level 3  
  168  19:58  Raven  
  168  19:59  Raven x2  
  165  20:02  Orbital Command  
  130  21:41  Siege Tank x2  
  130  21:42  Marine x7  
  143  22:00  Marine x7  
  147  22:17  Marine  
  147  22:18  Marine x5  
  147  22:19  Siege Tank  
  105  23:10  Marine x5  
  110  23:28  Marine x5  
  115  23:45  Marine  
  115  23:46  Marine x3  
  119  23:53  Orbital Command  
  119  24:36  Terran Vehicle And Ship Armor Level 3  
  119  24:44  Marine x7  
  126  25:02  Marine x7  
  126  25:05  Siege Tank  
  136  25:20  Marine x2  
  138  25:38  SCV  
  139  25:50  SCV  
  140  26:03  Terran Infantry Weapons Level 3  
  129  26:35  SCV  
  129  26:47  SCV  
  129  27:00  SCV  
  130  27:05  Siege Tank  
  130  27:06  Caduceus Reactor, Siege Tank  
  130  27:07  Marine x6  
  130  27:08  Marine  
  143  27:10  Battlecruiser  
  143  27:12  SCV  
  150  27:20  Refinery  
  150  27:24  Refinery  
  150  27:25  Marine x4  
  154  27:31  Marine  
  154  27:32  Marine x2  
  157  27:57  SCV  
  158  28:07  Battlecruiser  
  158  28:09  SCV  
  165  28:36  Marine x7  
  172  28:54  Marine  
  173  29:05  Terran Vehicle Weapons Level 2  
  167  29:39  Missile Turret x2  
  167  29:42  Battlecruiser  
  167  29:44  Marine x4  
  177  29:49  Marine  
  177  29:50  Marine  
  179  30:21  Marine x7  
  186  30:39  Marine  
  146  31:38  Marine x2  
  146  31:39  Marine x5  
  147  31:56  Marine x7  
  154  32:14  Marine x7  
  161  32:28  Battlecruiser  
  167  32:31  Marine  
  167  32:32  Marine x5  
  173  32:45  Missile Turret  
  173  32:46  Missile Turret  
  134  33:22  Marine  
  134  33:23  Marine x4  
  133  33:40  Marine  
  108  34:16  Marine x4  
  108  34:17  Marine  
  111  34:33  Marine  
  111  34:34  Marine x4  
  116  34:41  Thor  
  119  34:51  Marine  
  119  34:52  Marine  
  118  34:55  Marine x3  
  115  35:09  Marine  
  96  35:46  Marine  
  96  35:47  Marine x3  
  92  36:16  Thor, Marine  
  92  36:17  Marine x4  
  99  36:34  Marine  
  95  36:52  Marine x3  
  80  36:56  Marine  
  81  37:10  Marine x3  
  84  37:27  Marine  
  85  37:59  Orbital Command  
  85  38:24  Starport  
  85  38:43  SCV  
  85  38:47  Marine x2  
  85  38:48  Marine x3  
  90  38:55  Missile Turret, SCV  
  92  39:06  Starport Tech Lab  
  92  39:07  Starport  
  92  39:08  SCV  
  93  39:15  Marine x3  
  96  39:20  SCV  
  97  39:32  SCV  
  97  39:33  Marine  
  97  39:36  Missile Turret, Marine  
  97  39:37  Marine x2  
  102  39:40  Viking  
  104  39:49  Starport Tech Lab  
  104  39:51  Starport  
  104  39:53  SCV  
  104  39:58  Missile Turret  
  105  40:06  SCV  
  106  40:08  Refinery  
  106  40:18  Bunker  
  106  40:21  Viking  
  108  40:23  Medivac  
  108  40:27  Starport Tech Lab  
  110  40:34  Marine  
  110  40:35  Marine x3  
  114  40:50  Viking  
  114  40:55  Missile Turret  
  116  41:08  Viking  
  118  41:14  Refinery  
  118  41:18  Bunker  
  118  41:36  Starport  
  118  41:43  Missile Turret  
  118  41:49  Sensor Tower, Marine x3  
  121  42:07  Marine  
  122  42:14  Siege Tank  
  125  42:17  Starport Tech Lab  
  125  43:11  Viking  
  125  43:12  Viking  
  129  43:13  Marine x4  
  129  43:14  Marine  
  134  43:31  Marine x5  
  139  43:49  Marine x5  
  144  44:06  Marine  
  144  44:07  Marine  
  146  44:47  Marine x5  
  146  44:49  Thor  
  157  45:04  Marine x5  
  141  45:22  Marine x5  
  146  45:40  Marine x5  
  151  45:59  Thor x2  
  151  46:03  Viking x2  
  167  46:04  Banshee x2  
  167  46:09  Marine x3  
  176  47:29  Marine x5  
  181  47:46  Marine  
  181  47:47  Marine x4  
  186  48:04  Marine  
  186  48:05  Marine x4  
  191  48:22  Marine x2  
  191  48:23  Marine  
Show
View Real Time Build Order
Export as new Build Order

StonedJeezus Zerg 

Build Orders: Hatch First 

Get SALT Encoding   

  12  0:01  Drone  
  13  0:08  Drone  
  14  0:17  Overlord  
  14  0:36  Drone x3  
  17  1:05  Extractor  
  17  1:06  Hatchery  
  17  1:08  Spawning Pool  
  17  1:10  Drone  
  15  1:17  Drone  
  16  1:23  Drone x2  
  18  1:35  Overlord  
  18  1:55  Queen  
  18  1:58  Baneling Nest  
  19  2:05  Extractor  
  18  2:10  Zergling x2  
  18  2:11  Zergling x4  
  21  2:23  Queen  
  23  2:31  Drone  
  23  2:32  Drone  
  23  2:33  Drone  
  26  2:42  Metabolic Boost  
  25  3:08  Spine Crawler  
  25  3:09  Spine Crawler  
  22  3:14  Zergling x4  
  23  3:22  Zergling x2  
  24  3:27  Zergling x2  
  24  3:28  Zergling x2  
  22  3:37  Drone  
  24  3:43  Queen  
  26  3:49  Drone  
  26  3:53  Drone  
  28  3:57  Drone  
  29  4:07  Zergling x2  
  29  4:08  Zergling x2  
  31  4:13  Drone  
  31  4:16  Drone  
  33  4:27  Zergling x6  
  36  4:34  Overlord  
  34  4:58  Spore Crawler  
  33  5:02  Spore Crawler, Zergling x10  
  33  5:04  Baneling x2  
  33  5:05  Baneling  
  33  5:06  Baneling  
  37  5:09  Baneling  
  37  5:18  Baneling x3  
  37  5:19  Baneling x2  
  37  5:20  Baneling  
  37  5:24  Zergling x2  
  31  6:28  Zergling x14  
  31  6:29  Zergling x2  
  39  6:40  Drone x2  
  39  6:46  Extractor  
  40  6:49  Extractor  
  36  7:25  Drone x5  
  36  7:26  Drone  
  36  7:28  Overlord, Drone x2  
  36  7:29  Overlord x3  
  44  7:43  Hatchery  
  43  7:49  Lair  
  43  7:57  Drone x5  
  48  8:05  Spine Crawler  
  47  8:07  Spine Crawler  
  45  8:34  Baneling x4  
  45  8:35  Baneling x5  
  45  8:39  Zergling x2  
  45  8:40  Zergling x10  
  51  8:44  Extractor, Zergling x6  
  51  8:45  Extractor, Zergling x8  
  56  8:54  Spore Crawler  
  55  8:57  Spore Crawler  
  54  9:06  Zergling x10  
  55  9:18  Baneling x6  
  55  9:19  Baneling x3  
  55  9:20  Baneling  
  55  9:22  Baneling  
  55  9:26  Zergling x2  
  55  9:28  Drone  
  57  9:44  Baneling  
  57  9:45  Baneling x8  
  54  9:46  Baneling x3  
  54  9:47  Baneling  
  35  10:49  Centrifugal Hooks  
  31  10:55  Drone x3  
  34  10:57  Queen  
  34  11:02  Spire  
  35  11:05  Zergling x2  
  35  11:06  Zergling x8  
  35  11:08  Zergling x14  
  35  11:09  Zergling x4  
  49  11:38  Drone  
  49  11:39  Overlord x2  
  48  11:53  Drone x2  
  48  11:54  Overlord  
  50  11:56  Overlord x3  
  50  12:07  Evolution Chamber  
  49  12:08  Evolution Chamber  
  49  12:10  Zergling x6  
  49  12:14  Drone x3  
  49  12:15  Drone  
  55  12:20  Extractor  
  55  12:22  Drone  
  55  12:23  Extractor, Drone  
  55  12:28  Drone  
  56  12:31  Drone  
  56  12:32  Drone  
  57  12:54  Drone x4  
  57  12:57  Drone  
  62  13:03  Drone  
  62  13:04  Drone  
  62  13:05  Drone x2  
  65  13:09  Hatchery  
  65  13:19  Hydralisk Den  
  64  13:30  Baneling x8  
  64  13:31  Baneling x13  
  64  13:54  Mutalisk x3  
  64  13:55  Mutalisk x4  
  74  14:00  Zerg Flyer Weapons Level 1  
  78  14:04  Zerg Melee Weapons Level 1  
  78  14:09  Zerg Ground Armor Level 1  
  78  14:12  Grooved Spines  
  78  14:18  Drone  
  78  14:20  Drone x2  
  81  14:34  Zergling x8  
  81  14:36  Drone x2  
  87  14:39  Overlord  
  87  14:40  Overlord  
  87  14:41  Overlord  
  84  14:47  Overseer x2  
  84  14:50  Mutalisk x2  
  83  15:02  Muscular Augments  
  83  15:05  Pneumatized Carapace, Mutalisk  
  83  15:06  Mutalisk x2  
  82  15:29  Mutalisk x3  
  82  15:32  Queen  
  82  15:33  Drone  
  91  15:47  Baneling x3  
  91  15:48  Baneling  
  91  15:49  Zergling x6  
  95  15:50  Zergling x4  
  96  15:59  Drone x2  
  96  16:01  Drone  
  99  16:11  Extractor  
  99  16:12  Extractor  
  87  16:49  Mutalisk x3  
  87  16:51  Mutalisk x6  
  87  16:54  Overlord x2  
  105  16:55  Overlord  
  105  16:59  Zerg Flyer Armor Level 1  
  105  17:01  Overlord x4  
  105  17:12  Infestation Pit  
  104  17:25  Zerg Melee Weapons Level 2  
  104  17:27  Zerg Ground Armor Level 2  
  100  17:45  Hatchery  
  100  17:46  Hydralisk  
  100  17:47  Hydralisk x5  
  111  17:55  Hive, Lurker Den  
  110  18:18  Hydralisk x6  
  122  18:41  Hatchery  
  121  18:54  Lurker x5  
  126  18:55  Lurker  
  127  19:12  Baneling x5  
  127  19:21  Hydralisk  
  129  19:32  Queen  
  130  20:25  Hydralisk x4  
  130  20:26  Hydralisk x7  
  102  21:33  Zergling x2  
  102  21:34  Zergling x10  
  102  21:37  Zergling x6  
  102  21:38  Zergling x10  
  112  21:40  Zergling x10  
  112  21:41  Zergling x14  
  122  21:58  Adaptive Talons  
  122  22:00  Hydralisk  
  124  22:02  Hydralisk x2  
  124  22:04  Hydralisk x2  
  124  22:07  Queen  
  134  22:13  Baneling  
  134  22:14  Baneling x19  
  134  22:15  Baneling x30  
  134  22:16  Baneling x2  
  134  22:26  Greater Spire  
  132  22:41  Queen, Drone x3  
  127  22:55  Seismic Spines  
  64  23:09  Hydralisk x3  
  64  23:10  Hydralisk x2  
  71  23:26  Drone x2  
  71  23:27  Drone  
  74  23:30  Drone x5  
  74  23:33  Spore Crawler  
  78  23:40  Spore Crawler  
  77  23:44  Spore Crawler  
  77  23:46  Spore Crawler  
  77  23:47  Drone  
  76  23:48  Drone  
  76  23:51  Drone  
  76  23:53  Drone  
  76  23:55  Drone  
  80  23:57  Drone  
  81  24:02  Lurker x2  
  81  24:03  Lurker  
  83  24:33  Hydralisk x6  
  83  24:34  Hydralisk x2  
  97  24:42  Spore Crawler  
  97  24:43  Spore Crawler  
  97  24:45  Spore Crawler  
  94  24:49  Spore Crawler  
  80  25:11  Zergling x8  
  80  25:12  Zergling x12  
  90  25:40  Zergling x6  
  90  25:42  Zergling x4  
  95  25:43  Zergling x4  
  95  25:44  Zergling x8  
  95  25:47  Baneling x2  
  95  25:48  Baneling x6  
  95  25:49  Baneling x7  
  101  25:50  Baneling x2  
  88  26:43  Hatchery  
  65  27:29  Corruptor x5  
  69  27:30  Corruptor  
  69  27:36  Hatchery  
  76  27:56  Spore Crawler  
  75  28:12  Queen  
  77  28:20  Extractor x2  
  75  28:31  Spine Crawler  
  74  28:34  Spine Crawler  
  74  28:35  Spine Crawler  
  72  28:43  Zergling x6  
  72  28:44  Zergling x8  
  72  28:45  Zergling x14  
  72  28:46  Zergling x2  
  87  28:52  Overseer  
  86  29:09  Spore Crawler  
  85  29:25  Corruptor x5  
  85  29:26  Corruptor x4  
  103  29:35  Spore Crawler  
  102  29:43  Baneling x6  
  102  29:44  Baneling x7  
  102  29:45  Baneling x7  
  102  29:46  Baneling x4  
  102  30:02  Brood Lord  
  102  30:03  Brood Lord x2  
  108  30:13  Brood Lord  
  110  30:17  Brood Lord  
  110  30:21  Brood Lord  
  105  30:44  Zergling x14  
  105  30:45  Zergling x4  
  105  30:46  Baneling x2  
  105  30:47  Baneling x5  
  110  31:10  Extractor  
  109  31:11  Corruptor x2  
  113  31:41  Zergling x6  
  113  31:42  Zergling x4  
  118  31:51  Brood Lord  
  120  32:20  Extractor  
  120  32:22  Extractor  
  117  32:23  Spore Crawler  
  117  32:25  Spore Crawler  
  82  33:53  Zergling x8  
  82  33:54  Zergling x20  
  96  33:58  Zergling x2  
  90  34:16  Zergling x4  
  90  34:22  Zergling x6  
  94  34:52  Zergling x2  
  94  34:53  Zergling x16  
  94  34:54  Zergling x4  
  104  35:07  Brood Lord x3  
  76  36:27  Zergling x12  
  76  36:28  Zergling x6  
  85  36:34  Baneling x4  
  85  36:35  Baneling x3  
  67  36:55  Hatchery  
  63  37:52  Hydralisk  
  65  38:41  Hydralisk x5  
  75  39:08  Baneling  
  75  39:09  Baneling x5  
  75  39:58  Baneling  
  75  39:59  Baneling x10  
  75  40:16  Hatchery  
  74  40:28  Corruptor  
  76  40:42  Hatchery  
  75  40:56  Extractor x2  
  73  41:06  Corruptor x2  
  77  41:27  Baneling x7  
  77  41:28  Baneling  
  77  41:33  Hatchery  
  77  41:37  Drone  
  77  41:40  Extractor  
  77  41:43  Extractor  
  76  42:41  Spore Crawler  
  69  43:39  Zergling x10  
  69  43:40  Zergling x16  
  69  43:41  Zergling x10  
  86  43:47  Brood Lord x3  
  93  43:51  Corruptor x2  
  93  43:52  Corruptor  
  99  44:03  Overlord x2  
  99  44:12  Baneling x3  
  99  44:14  Baneling  
  99  44:30  Queen  
  92  44:48  Queen  
  94  45:04  Brood Lord  
  75  45:38  Brood Lord  
  76  45:58  Overseer x2  
  76  46:03  Overseer x2  
  76  46:15  Corruptor  
  78  46:42  Queen  
  80  46:50  Corruptor  
  80  47:44  Drone x3  
  83  48:16  Corruptor x2  
  87  48:32  Corruptor  
  67  48:51  Corruptor  
Tags
 
Matchup
TvZ
Spawn Locations
Cross Positions
Add a new tag
Caveats
  • Supply blocks, unpowered buildings, or Contaminate may cause inaccurate times.
  • Supply counts are checked every 10 seconds.